 Dungeon Crawl Stone Soup version 0.18.1-50-g88ac8fd (webtiles) character file.

266 go0n the Cudgeler (level 6, -2/62 HPs)
             Began as a Troll Berserker on Sept 15, 2016.
             Was a Priest of Trog.
             Killed by divine providence
             ... invoked by an orc priest
              (14 damage)
             ... on level 4 of the Dungeon.
             The game lasted 00:24:53 (2641 turns).

go0n the Cudgeler (Troll Berserker)                 Turns: 2641, Time: 00:24:53

Health: -2/62      AC:  6    Str: 27    XL:     6   Next: 0%
Magic:  5/5        EV: 10    Int:  3    God:    Trog [***...]
Gold:   94         SH:  0    Dex: 10    Spells: 0 memorised, 5 levels left

rFire  . . .     SeeInvis .     a - +0 mace
rCold  . . .     Gourm    +     b - +0 animal skin
rNeg   . . .     Faith    +     (no shield)
rPois  .         Spirit   .     (helmet restricted)
rElec  .         Dismiss  .     t - +0 cloak
rCorr  .         Reflect  .     (gloves unavailable)
SustAt .         Harm     .     (boots unavailable)
MR     ++...                    i - amulet of faith
Stlth  ..........               (no ring)
                                k - ring of loudness (curse)

@: regenerating, very resistant to hostile enchantments, extremely unstealthy
A: unfitting armour, claws 3, fast metabolism 3, gourmand, regeneration 2,
shaggy fur 1, tough skin 2
a: Berserk, Trog's Hand, Burn Spellbooks, Renounce Religion


You were on level 4 of the Dungeon.
You worshipped Trog.
Trog was most pleased with you.
You were very full.

You visited 1 branch of the dungeon, and saw 4 of its levels.

You collected 94 gold pieces.

Inventory:

Hand Weapons
 a - a +0 mace (weapon)
 m - a +0 hunting sling
 s - a +0 blowgun
Missiles
 g - 20 poisoned needles
 n - 108 stones (quivered)
Armour
 b - a +0 animal skin (worn)
 t - a +0 cloak (worn)
Jewellery
 i - an amulet of faith (around neck)
 k - a cursed ring of loudness (left claw)
 x - an uncursed amulet of the gourmand
Wands
 y - a wand of random effects (18/48)
Scrolls
 e - a scroll of fear
 h - a scroll of blinking
 l - 2 scrolls of identify
Potions
 c - a potion of curing {unknown}
 o - a potion of flight {unknown}
 p - a potion of invisibility {unknown}
 q - a potion of haste {unknown}
 v - a potion of degeneration {unknown}
 z - a potion of ambrosia {unknown}
 A - a potion of heal wounds {unknown}
Comestibles
 d - a meat ration
 f - a bread ration
 j - a royal jelly
 r - a beef jerky
 w - 2 chunks of flesh


   Skills:
 + Level 4.0 Fighting
 + Level 4.6 Maces & Flails
 - Level 2.4 Dodging
 + Level 0.8 Stealth


You had 5 spell levels left.
You didn't know any spells.

Dungeon Overview and Level Annotations

Branches:
Dungeon (4/15)
 Temple: D:4-7

Altars:
Cheibriados
Gozag
Xom


Innate Abilities, Weirdness & Mutations

You are too large for most types of armour.
You have claws for hands.
Your metabolism is lightning-fast.
You like to eat raw meat.
You heal very quickly.
You are covered in fur (AC +1).
You have very tough skin (AC +2).


Message History

Increase (S)trength, (I)ntelligence, or (D)exterity?
You feel agile.
You feel stronger.
You completely miss the orc priest. You hit the orc priest.
The orc priest is moderately wounded.
The orc priest hits you with a dagger. The orc priest misses you.
The orc priest hits you but does no damage.
The orc priest hits you.
* * * LOW HITPOINT WARNING * * *
An orc wizard comes into view. It is wielding a dagger.
The orc wizard shouts!
The orc priest miscasts a cantrip. x2
The orc priest invokes the aid of Beogh against you.
Beogh smites you!
* * * LOW HITPOINT WARNING * * *
The orc priest calls upon Beogh to heal the orc priest.
The orc priest's wounds heal themselves!
The orc priest mumbles some strange prayers to Beogh against you.
Beogh smites you!
You die...

##)####.# #.......
#.# .# #....... #o#
# #....... #)##
#....... #.o#
#....... ##o###.#
#.......
#..##.#########.##.
##.#........# #....
#@#........######.
#..........##...).
####.........##.#.##
#............##.#...
##.........##.#.#.
#.............#.#.
#.#........####.#.
#.#........##<....
#...>......####.#.


You could see 2 orc priests and an orc wizard.

Vanquished Creatures
  An orc wizard (D:4)
  Jessica (D:3)
  Ijyb (D:2)
  A hound skeleton (D:4)
  6 adders
  A howler monkey skeleton (D:4)
  2 oozes
  3 worms
  2 dart slugs
  5 giant geckos
  9 orcs
  A ball python (D:3)
  4 giant cockroaches
  11 goblins
  8 hobgoblins
  3 jackals (D:2)
  3 bats
  6 giant newts
  6 kobolds
  8 rats
82 creatures vanquished.

Notes
Turn   | Place    | Note
--------------------------------------------------------------
     0 | D:1      | go0n the Troll Berserker began the quest for the Orb.
     0 | D:1      | Reached XP level 1. HP: 22/22 MP: 0/0
   332 | D:1      | Reached XP level 2. HP: 29/29 MP: 1/1
   705 | D:2      | Found a shimmering altar of Xom.
   817 | D:2      | Reached ** piety under Trog
   817 | D:2      | Reached XP level 3. HP: 34/37 MP: 2/2
  1237 | D:2      | Noticed Ijyb
  1263 | D:2      | Killed Ijyb
  1263 | D:2      | Reached XP level 4. HP: 45/45 MP: 3/3
  1415 | D:2      | Found a snail-covered altar of Cheibriados.
  1416 | D:2      | Found an opulent altar of Gozag.
  1708 | D:3      | Reached *** piety under Trog
  1953 | D:3      | Reached XP level 5. HP: 39/53 MP: 4/4
  1995 | D:3      | Noticed Jessica
  2004 | D:3      | Killed Jessica
  2635 | D:4      | Reached XP level 6. HP: 19/62 MP: 5/5
  2641 | D:4      | Killed from afar by an orc priest

Skill      XL: |  1  2  3  4  5 |
---------------+----------------+-----
Maces & Flails | 3 4 |  4.6
Fighting       | 3 4 |  4.0
Dodging        | |  2.4
Stealth        | |  0.8

Action                   |  1- 3 |  4- 6 || total
-------------------------+-------+-------++-------
Melee: Mace              |   148 |   171 ||   319
Throw: Stone             |       |     2 ||     2
Invok: Trog's Hand       |       |     1 ||     1
  Use: Scroll            |       |     4 ||     4
 Stab: Sleeping          |     2 |       ||     2
  Eat: Chunk             |     3 |    17 ||    20
       Bread ration      |     2 |       ||     2
Armor: Animal skin       |    59 |   101 ||   160
Dodge: Dodged            |   100 |   107 ||   207
